 Dungeon Crawl Stone Soup version 0.26.1-11-gd32895ea62 (webtiles) character file.

Game seed: 17874292747077202506

67 mankey1987 the Skirmisher (level 4, 0/48 HPs)
             Began as an Ogre Berserker on May 26, 2021.
             Was a Believer of Trog.
             Shot with a stone by a goblin (4 damage)
             ... led by Robin
             ... on level 2 of the Dungeon.
             The game lasted 00:02:09 (1988 turns).

mankey1987 the Skirmisher (Ogre Berserker)          Turns: 1988, Time: 00:02:10

Health: 0/48       AC:  3    Str: 21    XL:     4   Next: 16%
Magic:  4/4        EV: 10    Int:  8    God:    Trog [**....]
Gold:   180        SH:  0    Dex:  9    Spells: 3/3 levels left

rFire    . . .     SeeInvis .   a - +0 mace
rCold    . . .     Faith    .   (no shield)
rNeg     . . .     Spirit   .   b - +0 animal skin
rPois    .         Reflect  .   (helmet restricted)
rElec    .         Harm     .   (no cloak)
rCorr    .         Rampage  .   (gloves unavailable)
Will     .....                  (boots unavailable)
Stlth    +.........             (no amulet)
HPRegen  0.16/turn              (no ring)
MPRegen  0.09/turn              (no ring)

@: invisible
A: large, unfitting armour, tough skin 1
a: Renounce Religion, Berserk, Trog's Hand


You were on level 2 of the Dungeon.
You worshipped Trog.
Trog was pleased with you.
You visited 1 branch of the dungeon, and saw 2 of its levels.

You collected 180 gold pieces.

Inventory:

Hand Weapons
 a - a +0 mace (weapon)
Armour
 b - a +0 animal skin (worn)
Scrolls
 c - 3 scrolls of enchant armour {unknown}
 e - a scroll of magic mapping {unknown}
 g - 2 scrolls of identify {unknown}
 h - a scroll of remove curse {unknown}
Potions
 f - a potion of heal wounds {unknown}
 i - a potion of attraction {unknown}


   Skills:
 - Level 4.0 Fighting
 * Level 4.0 Maces & Flails
 + Level 3.3 Dodging


You had 3 spell levels left.
You didn't know any spells.
Your spell library was empty.

Dungeon Overview and Level Annotations

Branches:
Dungeon (2/15)

Altars:

Annotations:
D:2 Robin


Innate Abilities, Weirdness & Mutations

You are too large for most types of armour.
You have tough skin. (AC +1)


Message History

You see here a stone.
The goblin shoots a stone.
The stone hits you.
* * * LOW HITPOINT WARNING * * *
You see here a stone.
The goblin shoots a stone.
The stone closely misses you.
A worm comes into view.
The goblin shoots a stone.
The stone hits you.
* * * LOW HITPOINT WARNING * * *
Robin throws the goblin at you!
* * * LOW HITPOINT WARNING * * *
You see here a stone.
You miss the goblin. The goblin hits you with a +0 club.
* * * LOW HITPOINT WARNING * * *
The goblin shoots a stone.
The stone hits you but does no damage.
Okay, then.
It was a potion of invisibility.
You fade into invisibility!
The goblin no longer looks unusually strong.
The goblin closely misses you.
The goblin shoots a stone.
The stone hits you.
You die...

#().###....##..... #.
###(####......##..#.
#..##.gg###..?....
####.
#..#...(..#......$ #.
..........#......? #.
##.!...(.รท........ #.
#.....($.##.....! ###
#.#.......##....# ....
#.#...@g##.######..####
#........#.........#
..........###.#######
#####.....# #.# ###
#....## #.########..
#...## #....)....).
#..## #..####.###. #..
#..#..#...#. #w#
###.#..#...#.


You could see Robin and 2 goblins.

Vanquished Creatures
  5 dart slugs
  An orc (D:2)
  12 giant cockroaches
  7 hobgoblins
  9 kobolds
  A quokka (D:2)
  3 bats (D:1)
  A frilled lizard (D:1)
  6 goblins
  6 rats
51 creatures vanquished.

Notes
Turn   | Place    | Note
-------+----------+-------------------------------------------
     0 | D:1      | mankey1987 the Ogre Berserker began the quest for the Orb.
     0 | D:1      | Reached XP level 1. HP: 24/24 MP: 1/1
   110 | D:1      | Reached XP level 2. HP: 22/32 MP: 2/2
   724 | D:1      | Reached XP level 3. HP: 39/39 MP: 3/3
  1490 | D:2      | Reached ** piety under Trog
  1735 | D:2      | Reached XP level 4. HP: 16/48 MP: 4/4
  1974 | D:2      | Noticed Robin
  1988 | D:2      | Shot with a stone by a goblin

Illustrated notes

Levels and vault maps discovered:
D:1:      roderic_octagonal_star, layout_basic, dk_noncrumbling_2
D:2:      minmay_roachtagon, layout_rooms, lemuel_coloured_pillars_altar,
          tgw_trog, nicolae_overflow_hidden_temple, minmay_door_square,
          chequers_serial_rivers_room_b, minmay_octomino_c4, uniq_sigmund,
          uniq_robin, uniq_crazy_yiuf_cottage

Skill      XL: |  1  2  3  4 |
---------------+-------------+-----
Maces & Flails | 3 4 |  4.0
Dodging        | 3 |  3.3
Fighting       | |  4.0

Action                   |  1- 3 |  4- 6 || total
-------------------------+-------+-------++-------
Melee: Mace              |   120 |    16 ||   136
Invok: Berserk           |     1 |       ||     1
  Use: Potion            |       |     1 ||     1
Armor: Animal skin       |    68 |     4 ||    72
Dodge: Dodged            |   135 |     8 ||   143
